Map: Overgrown Facility

Players

Adversity - Winner!

  • Race: Terran Terran
  • Spawn Location: 7:00

MixxMastaJrT - Winner!

  • Race: Zerg Zerg
  • League: Diamond
  • Spawn Location: 9:00

Orzo

  • Race: Protoss Protoss
  • League: Master
  • Spawn Location: 1:00

Rincin

  • Race: Zerg Zerg
  • Spawn Location: 3:00

VOD

Have the link to the VOD?

Description

Time

  • Played on: July 14, 2018, 1:45 p.m.
  • Length: 10:01
Show
View Real Time Build Order
Export as new Build Order

Adversity Terran - Winner!

Build Orders: Reaper Expand 

Get SALT Encoding   

  12  0:00  SCV  
  13  0:12  SCV  
  14  0:17  Supply Depot  
  14  0:25  SCV  
  15  0:39  Barracks, SCV  
  16  0:44  Refinery  
  16  0:51  SCV  
  17  1:06  SCV  
  18  1:18  SCV  
  19  1:27  Reaper  
  19  1:30  Orbital Command  
  20  1:42  Command Center  
  20  1:50  Supply Depot  
  20  1:56  SCV  
  20  1:59  Barracks Reactor  
  21  2:08  SCV  
  22  2:11  Barracks  
  22  2:18  Barracks  
  22  2:20  SCV  
  23  2:27  Supply Depot  
  23  2:32  SCV  
  23  2:36  Marine  
  23  2:37  Marine  
  26  2:46  Engineering Bay  
  26  2:55  Orbital Command  
  26  2:56  SCV  
  27  3:01  Barracks Tech Lab  
  27  3:02  Marine x2  
  29  3:06  Refinery, Marine  
  29  3:12  SCV  
  31  3:21  Marine, Stimpack  
  31  3:22  Marine x2  
  31  3:24  SCV  
  35  3:28  SCV  
  35  3:29  Marine  
  37  3:37  Missile Turret, SCV  
  37  3:41  Marine x3  
  37  3:48  SCV  
  41  3:49  SCV  
  41  3:54  Factory  
  42  3:59  Terran Infantry Weapons Level 1  
  42  4:00  SCV  
  42  4:01  SCV  
  44  4:05  Missile Turret  
  44  4:09  Marine x4  
  47  4:14  SCV x2  
  50  4:19  Supply Depot  
  50  4:26  SCV  
  50  4:28  SCV  
  54  4:33  Barracks Reactor  
  54  4:37  Barracks  
  52  4:38  SCV  
  52  4:40  Barracks, SCV  
  52  4:43  Supply Depot  
  54  4:47  Starport  
  54  4:49  Factory Reactor  
  54  4:51  SCV  
  55  4:53  SCV  
  55  4:55  Marine x3  
  59  5:05  Refinery, SCV  
  59  5:06  Refinery, SCV  
  61  5:07  Supply Depot  
  61  5:20  Marine x3  
  61  5:21  Marine x2  
  56  5:23  SCV x2  
  56  5:27  Engineering Bay  
  58  5:29  Barracks Reactor x2, Combat Shield  
  58  5:36  Medivac  
  58  5:38  Medivac  
  58  5:39  Marine x2  
  58  5:40  Marine x2  
  66  5:46  SCV x2  
  68  5:51  Armory  
  68  5:57  Terran Infantry Armor Level 1  
  68  5:58  Marine x5  
  73  6:05  Supply Depot  
  73  6:08  Supply Depot  
  73  6:10  Marine x4  
  77  6:16  Marine  
  78  6:26  Medivac x2, Marine x4  
  78  6:27  Supply Depot  
  78  6:30  Supply Depot  
  78  6:31  Marine x2  
  78  6:32  Marine  
  89  6:35  Marine x2  
  91  6:40  Supply Depot  
  77  6:55  Marine x3  
  77  6:56  Marine x3  
  77  6:57  Marine  
  77  6:58  Terran Infantry Weapons Level 2  
  77  7:00  Marine x2  
  86  7:09  Medivac  
  86  7:10  Medivac  
  86  7:13  Marine x3  
  92  7:30  Marine x5  
  92  7:31  Marine, Command Center  
  92  7:36  Supply Depot  
  98  7:39  Medivac x2, Marine x3  
  92  7:54  Marine x2  
  92  7:55  Marine x4  
  99  7:58  SCV x2  
  97  8:09  Marine  
  97  8:10  Marine x2  
  97  8:12  Marine  
  100  8:15  Medivac x2  
  100  8:16  SCV x2  
  106  8:20  Missile Turret  
  106  8:33  Marine x2  
  97  8:41  Marine x4  
  97  8:42  Marine x2  
  97  8:47  Marine  
  103  8:50  SCV x2  
  103  8:51  Marine, Orbital Command  
  103  8:52  Sensor Tower  
  103  8:53  Marine  
  107  8:57  Concussive Shells  
  107  8:59  Marine x2  
  107  9:00  Barracks x2, Marine x2  
  107  9:02  Marine  
  112  9:04  SCV x2  
  114  9:15  Marine x4  
  114  9:16  Medivac x2  
  111  9:33  Marine x3, Marauder  
  111  9:34  Marine x4  
Show
View Real Time Build Order
Export as new Build Order

MixxMastaJrT Zerg - Winner!

Build Orders: Hatch First 

Get SALT Encoding   

  12  0:01  Drone  
  13  0:08  Drone  
  14  0:19  Overlord  
  14  0:28  Drone, Extractor x2  
  14  0:29  Drone  
  16  0:39  Drone  
  17  0:55  Hatchery  
  16  0:58  Drone  
  17  1:15  Spawning Pool  
  17  1:17  Drone  
  17  1:21  Drone  
  17  1:24  Drone  
  19  1:39  Drone  
  20  1:42  Drone  
  21  1:53  Hatchery  
  20  1:55  Drone  
  20  1:58  Extractor  
  20  2:04  Queen  
  22  2:14  Queen  
  24  2:18  Drone  
  25  2:23  Overlord  
  25  2:25  Drone  
  26  2:35  Zergling x4  
  28  2:46  Spore Crawler  
  28  2:47  Spore Crawler  
  26  2:53  Drone  
  26  2:54  Drone x2  
  29  3:07  Drone x4  
  29  3:12  Metabolic Boost  
  33  3:18  Drone x2  
  35  3:24  Queen  
  38  3:27  Drone  
  38  3:29  Drone  
  39  3:42  Drone x3  
  39  3:43  Overlord  
  42  3:58  Overlord x3  
  42  3:59  Extractor  
  42  4:02  Spore Crawler  
  40  4:03  Drone x2  
  41  4:10  Zergling x2  
  41  4:16  Zergling x8  
  41  4:17  Zergling x6  
  48  4:24  Zergling x2  
  48  4:25  Zergling x6  
  48  4:29  Zergling x6  
  48  4:30  Zergling x2  
  54  4:41  Zergling x2  
  54  4:42  Zergling x8  
  59  4:50  Zergling x2  
  60  4:58  Lair  
  52  5:07  Zergling x2  
  52  5:08  Zergling x16  
  59  5:24  Zergling x6  
  59  5:25  Zergling x6  
  65  5:34  Overlord x2  
  65  5:42  Hatchery  
  56  6:03  Zergling x2  
  59  6:04  Zergling x20  
  56  6:21  Spire  
  56  6:22  Extractor  
  56  6:24  Extractor  
  48  6:33  Zergling x2  
  48  6:34  Zergling x20  
  56  6:43  Zergling x2  
  43  7:34  Corruptor x3  
  45  7:37  Extractor  
  45  7:39  Extractor  
  45  7:40  Zergling x2  
  45  7:41  Zergling x16  
  47  7:46  Drone x4  
  51  8:08  Corruptor x3  
  57  8:24  Drone x3  
  57  8:25  Drone x8  
  65  8:43  Mutalisk x5  
  71  9:10  Corruptor x4  
  71  9:13  Drone  
  71  9:16  Drone x2  
  80  9:24  Mutalisk  
  80  9:25  Mutalisk  
  84  9:34  Drone  
Show
View Real Time Build Order
Export as new Build Order

Orzo Protoss 

Build Orders: 1 Gate Expand, Phoenix Opening 

Get SALT Encoding   

  12  0:01  Probe  
  13  0:13  Probe  
  14  0:18  Pylon  
  14  0:24  Probe  
  15  0:32  Probe  
  15  0:40  Probe  
  15  0:41  Gateway  
  17  0:52  Probe  
  17  0:55  Assimilator  
  19  1:04  Probe  
  19  1:16  Probe  
  20  1:29  Cybernetics Core  
  20  1:42  Nexus  
  20  1:49  Pylon  
  20  1:52  Assimilator  
  21  1:54  Probe  
  21  2:00  Stalker  
  21  2:07  Probe  
  24  2:19  Probe  
  25  2:27  Stargate  
  25  2:31  Probe  
  26  2:44  Probe  
  27  2:45  Zealot  
  27  2:46  Warp Gate  
  29  2:57  Pylon  
  29  3:02  Probe  
  29  3:04  Phoenix  
  29  3:05  Probe  
  33  3:14  Probe  
  34  3:22  Probe, Phoenix  
  34  3:26  Probe  
  38  3:34  Probe  
  38  3:38  Probe  
  40  3:46  Probe, Pylon, Phoenix  
  41  3:50  Twilight Council, Probe  
  44  3:58  Probe  
  44  4:02  Forge  
  45  4:09  Probe  
  46  4:12  Charge  
  46  4:15  Probe  
  47  4:18  Pylon  
  47  4:21  Phoenix  
  47  4:22  Probe  
  50  4:28  Probe  
  50  4:31  Pylon  
  51  4:34  Probe  
  52  4:39  Protoss Ground Weapons Level 1  
  52  4:43  Probe  
  53  4:48  Gateway x2  
  53  4:54  Shield Battery  
  53  5:05  Probe  
  54  5:07  Assimilator  
  54  5:09  Pylon  
  54  5:15  Gateway  
  54  5:18  Robotics Facility  
  54  5:21  Probe  
  55  5:24  Assimilator  
  53  5:29  Probe  
  53  5:33  Zealot  
  56  5:37  Probe  
  56  5:39  Nexus  
  56  5:42  Pylon  
  57  5:53  Zealot x2  
  57  5:54  Zealot  
  57  5:56  Probe  
  64  6:03  Photon Cannon  
  64  6:05  Shield Battery  
  62  6:12  Probe x2  
  62  6:15  Gateway  
  62  6:16  Gateway, Zealot  
  62  6:17  Zealot  
  68  6:24  Photon Cannon, Probe  
  67  6:36  Zealot x3  
  73  6:42  Probe  
  73  6:43  Photon Cannon  
  74  6:48  Pylon  
  74  6:52  Zealot  
  76  6:59  Probe  
  73  7:05  Zealot x3  
  79  7:10  Probe, Pylon  
  79  7:12  Pylon  
  80  7:19  Zealot x2  
  80  7:20  Zealot  
  86  7:24  Probe x2  
  88  7:33  Photon Cannon  
  88  7:36  Probe x2, Pylon  
  90  7:43  Templar Archives, Protoss Ground Armor Level 1  
  82  7:51  Phoenix  
  82  7:55  Zealot x2  
  82  7:56  Zealot x2  
  82  7:57  Probe  
  87  8:06  Pylon  
  79  8:16  Phoenix  
  79  8:17  Probe x2  
  83  8:22  Assimilator  
  83  8:23  Assimilator  
  83  8:25  Zealot x3  
  89  8:32  Psionic Storm  
  81  8:41  Phoenix  
  81  8:43  High Templar x3  
  81  8:48  Probe  
  88  8:52  Probe  
  88  8:55  Forge  
  89  8:59  Photon Cannon, High Templar x3  
  89  9:01  Probe  
  96  9:03  Probe  
  96  9:04  Probe  
  97  9:16  Archon  
  91  9:28  Zealot x3  
  85  9:41  High Templar x3  
  75  9:46  Probe  
Show
View Real Time Build Order
Export as new Build Order

Rincin Zerg 

Build Orders: Hatch First 

Get SALT Encoding   

  12  0:01  Drone  
  13  0:12  Overlord  
  13  0:17  Drone  
  14  0:31  Drone x2  
  14  0:35  Drone  
  17  0:54  Hatchery  
  17  0:56  Drone  
  17  0:59  Extractor  
  17  1:00  Drone  
  17  1:16  Spawning Pool  
  16  1:19  Drone  
  16  1:23  Drone  
  18  1:28  Drone  
  19  1:40  Overlord  
  19  1:51  Drone  
  20  2:02  Queen  
  20  2:04  Zergling x2  
  20  2:06  Queen  
  25  2:09  Metabolic Boost  
  25  2:13  Zergling x2  
  26  2:17  Drone  
  26  2:21  Drone  
  28  2:25  Drone  
  28  2:27  Drone  
  30  2:33  Drone  
  32  2:51  Drone  
  32  2:53  Drone, Hatchery  
  32  2:56  Drone  
  33  2:58  Drone  
  33  3:05  Overlord  
  34  3:09  Drone  
  35  3:13  Overlord  
  35  3:14  Drone  
  36  3:22  Evolution Chamber  
  36  3:23  Drone x2  
  36  3:26  Drone  
  38  3:28  Drone  
  38  3:33  Zergling x4  
  41  3:35  Zergling x2  
  41  3:37  Zergling x2  
  43  3:45  Overlord  
  43  3:47  Zerg Melee Weapons Level 1  
  43  3:50  Baneling Nest  
  43  3:51  Zergling x4  
  43  3:54  Zergling x2  
  45  3:57  Overlord  
  45  3:59  Zergling x2  
  45  4:01  Zergling x2  
  47  4:03  Zergling x2  
  47  4:08  Zergling x4  
  50  4:12  Zergling x2  
  50  4:14  Queen  
  53  4:17  Zergling x2  
  53  4:19  Zergling x4  
  53  4:21  Zergling x2  
  54  4:25  Zergling x2  
  54  4:26  Zergling x2  
  54  4:28  Zergling x2  
  54  4:29  Zergling x2  
  54  4:30  Zergling x2  
  59  4:33  Drone  
  59  4:34  Drone  
  59  4:36  Drone  
  62  4:38  Baneling x2  
  62  4:39  Baneling  
  62  4:40  Baneling x2  
  62  4:42  Drone  
  62  4:44  Drone  
  64  4:47  Drone  
  65  4:53  Drone, Zergling x2  
  65  4:54  Zergling x2  
  66  5:02  Zergling x2  
  66  5:03  Zergling x4  
  66  5:05  Zergling x2  
  66  5:06  Zergling x6  
  71  5:18  Zergling x2  
  71  5:19  Zergling x6  
  63  5:21  Zergling x4  
  63  5:27  Zergling x2  
  65  5:30  Baneling x3  
  65  5:31  Zergling x4  
  67  5:39  Drone  
  67  5:41  Zergling x2  
  57  5:49  Zergling x2  
  58  5:50  Zergling x2  
  58  5:57  Zergling x10  
  58  5:58  Zergling x8  
  67  6:05  Lair, Zergling x2  
  67  6:09  Zergling x4  
  69  6:14  Baneling x4  
  69  6:23  Zergling x6  
  72  6:25  Zergling x2  
  72  6:30  Zergling x2  
  72  6:32  Overlord x2  
  74  6:35  Baneling x3  
  74  6:36  Baneling  
  74  6:37  Baneling x3  
  74  6:43  Overlord x2  
  70  6:50  Drone  
  70  6:51  Drone  
  70  6:53  Extractor, Zergling x6  
  69  6:55  Zergling x4  
  69  6:56  Zergling x2  
  69  6:57  Zergling x2  
  73  7:04  Drone x3  
  73  7:05  Drone x2, Extractor  
  77  7:10  Drone  
  77  7:11  Drone  
  77  7:13  Drone  
  67  7:23  Zergling x6  
  67  7:24  Zergling x4  
  58  7:32  Zergling x10  
  60  7:37  Zergling x2  
  60  7:42  Zergling x2  
  59  7:46  Centrifical Hooks  
  59  7:47  Zergling x2  
  59  7:57  Zergling x2  
  60  7:58  Queen  
  60  8:00  Queen, Hatchery  
  60  8:01  Drone x4  
  67  8:09  Zergling x4  
  67  8:10  Zergling x2  
  69  8:15  Zergling x4  
  69  8:16  Zergling x2  
  69  8:19  Baneling  
  69  8:20  Baneling x3  
  69  8:22  Baneling x5  
  69  8:31  Zergling x2  
  69  8:32  Zergling x2  
  61  8:39  Zergling x2  
  61  8:40  Zergling x2  
  59  8:50  Zergling x4  
  59  8:51  Baneling x2  
  61  9:00  Zergling x4  
  63  9:06  Hatchery  
  63  9:08  Overlord  
  63  9:09  Overlord  
  62  9:10  Extractor  
  62  9:14  Zergling x2  
  62  9:15  Zergling x4  
  52  9:17  Baneling x3  
  52  9:18  Zergling x4  
  52  9:19  Zergling x2  
  55  9:28  Zergling x4  
  50  9:34  Zergling x2  
  50  9:37  Baneling x7  
  50  9:38  Baneling  
  49  9:39  Zergling x2  
  49  9:43  Zergling x2  
Tags
 
Add a new tag
Caveats
  • Supply blocks, unpowered buildings, or Contaminate may cause inaccurate times.
  • Supply counts are checked every 10 seconds.